 Dungeon Crawl Stone Soup version 0.19.0-9-gfd783f2 (webtiles) character file.

1035 Inkary the Blocker (level 8, -2/64 HPs)
             Began as a Formicid Fighter on Nov 7, 2016.
             Killed from afar by a steam dragon (19 damage)
             ... with a ball of steam
             ... on level 5 of the Dungeon.
             The game lasted 00:05:40 (2677 turns).

Inkary the Blocker (Formicid Fighter)               Turns: 2677, Time: 00:05:41

Health: -2/64      AC: 10    Str: 28    XL:     8   Next: 48%
Magic:  8/8        EV:  6    Int:  9    God:
Gold:   182        SH: 12    Dex: 10    Spells: 0 memorised, 7 levels left

rFire  . . .     SeeInvis +     a - +0 war axe
rCold  . . .     Gourm    .     v - +0 chain mail
rNeg   . . .     Faith    .     c - +0 shield
rPois  .         Spirit   .     (helmet unavailable)
rElec  .         Reflect  .     (no cloak)
rCorr  .         Harm     .     (no gloves)
MR     .....                    D - +0 pair of boots
Stlth  ..........               e - amulet of regeneration
                                l - -2 ring of evasion (curse)
                                k - +6 ring of strength

@: no status effects
A: permanent stasis, dig shafts and tunnels, four strong arms, antennae 3
a: Dig, Shaft Self


You were on level 5 of the Dungeon.
You were not hungry.

You visited 1 branch of the dungeon, and saw 5 of its levels.

You collected 182 gold pieces.

Inventory:

Hand Weapons
 a - a +0 war axe (weapon)
Armour
 c - a +0 shield (worn)
 d - a +2 large shield
 v - a +0 chain mail (worn)
 D - a +0 pair of boots (worn)
Jewellery
 e - an amulet of regeneration (around neck)
 k - a +6 ring of strength (left hand)
 l - a cursed -2 ring of evasion (right hand)
 m - an uncursed amulet of faith
Wands
 n - a wand of slowing (25/48)
 w - a wand of acid (8/15)
 y - a wand of disintegration (10/24)
 B - a wand of polymorph (6/24)
Scrolls
 b - a scroll of blinking {unknown}
 i - 2 scrolls of random uselessness {unknown}
 o - 2 scrolls of immolation
 p - 2 scrolls of identify {unknown}
 s - a scroll of remove curse {unknown}
 t - a scroll of teleportation {unknown}
 u - a scroll of noise {unknown}
 x - 2 scrolls of amnesia {unknown}
 C - a scroll of magic mapping {unknown}
Potions
 g - 4 potions of curing
 h - a potion of lignification {unknown}
 j - 2 potions of resistance {unknown}
 r - a potion of might
 z - a potion of heal wounds {unknown}
Comestibles
 f - 8 bread rations
 q - a slice of pizza
 A - a meat ration


   Skills:
 + Level 5.8 Fighting
 + Level 5.4 Axes
 - Level 3.9 Armour
 - Level 0.1 Dodging
 * Level 8.2 Shields


You had 7 spell levels left.
You didn't know any spells.

Dungeon Overview and Level Annotations

Branches:
Dungeon (5/15)
 Temple: D:4-7

Altars:

Shops:
D:5 }

Annotations:
D:5 CrazyArbalest's ghost, novice MiHu


Innate Abilities, Weirdness & Mutations

You are under a permanent stasis effect.
You can dig through walls and to a lower floor.
Your four strong arms can wield two-handed weapons with a shield.
You have a pair of large antennae on your head. (SInv)


Message History

Aim: a steam dragon (almost dead, catching its breath)
The bolt of acid hits the steam dragon.
The steam dragon is splashed with acid.
You kill the steam dragon!
Your Shields skill increases to level 8!
Evoking this partially-identified wand wasted a few charges.
Evoke which item? (* to show all) (? for menu, Esc to quit)
Zapping:
B - a wand of polymorph (will waste charges)
Press: ? - help, Shift-Dir - straight line, f - steam dragon
Aim: a steam dragon (chance to defeat MR: 46%)
The steam dragon resists with some effort.
Evoking this partially-identified wand wasted a few charges.
Evoke which item? (* to show all) (? for menu, Esc to quit)
Zapping:
y - a wand of disintegration (will waste charges)
Press: ? - help, Shift-Dir - straight line, f/p - steam dragon
Aim: a steam dragon (chance to defeat MR: 65%)
The steam dragon struggles to resist.
Evoking this partially-identified wand wasted a few charges.
The steam dragon breathes steam at you. The ball of steam hits you!
You die...

#. #..≈ #.. #.. #######
#(. ########....DD
######.####§.......#####
.......#....#####.......
#.@D#### #....... #.###
#....... #.# #.......
#.# #....... #.#
#....... #.# #######+ {
#.##### #.....# #####.#
#####


You could see a steam dragon.

Vanquished Creatures
  Grinder (D:5)
  A steam dragon (D:5)
  A sky beast (D:5)
  An ogre (D:4)
  A scorpion (D:4)
  A crimson imp (D:5)
  4 hounds
  An orc priest (D:3)
  2 orc wizards (D:3)
  Jessica (D:2)
  Ijyb (D:3)
  3 worker ants
  A worker ant zombie (D:5)
  6 adders
  4 worms
  3 dart slugs
  4 leopard geckos
  4 orcs
  2 ball pythons
  3 giant cockroaches
  4 goblins
  10 hobgoblins
  A jackal (D:3)
  A ball python skeleton (D:4)
  3 bats
  5 frilled lizards
  7 kobolds
  2 rats
78 creatures vanquished.

Vanquished Creatures (others)
  A fungus (D:5)
1 creature vanquished.

Grand Total: 79 creatures vanquished

Notes
Turn   | Place    | Note
-------+----------+-------------------------------------------
     0 | D:1      | Inkary the Formicid Fighter began the quest for the Orb.
     0 | D:1      | Reached XP level 1. HP: 18/18 MP: 1/1
   129 | D:1      | Reached XP level 2. HP: 24/24 MP: 2/2
   493 | D:2      | Reached XP level 3. HP: 20/30 MP: 3/3
   609 | D:2      | Noticed Jessica
   644 | D:2      | Reached XP level 4. HP: 27/37 MP: 4/4
   649 | D:2      | Killed Jessica
   849 | D:2      | Reached XP level 5. HP: 38/42 MP: 5/5
  1049 | D:3      | Noticed Ijyb
  1053 | D:3      | Reached skill level 4 in Shields
  1069 | D:3      | Killed Ijyb
  1117 | D:3      | Reached XP level 6. HP: 43/48 MP: 6/6
  1386 | D:3      | Reached skill level 5 in Shields
  1967 | D:4      | Noticed an ogre
  1971 | D:4      | Killed an ogre
  1971 | D:4      | Reached skill level 6 in Shields
  1971 | D:4      | Reached XP level 7. HP: 41/55 MP: 7/7
  2237 | D:4      | Reached skill level 5 in Fighting
  2383 | D:5      | Entered Level 5 of the Dungeon
  2414 | D:5      | Noticed Grinder
  2470 | D:5      | Reached skill level 7 in Shields
  2470 | D:5      | Reached XP level 8. HP: 46/62 MP: 8/8
  2474 | D:5      | Found Xeisorghu's Gadget Boutique.
  2486 | D:5      | Killed Grinder
  2486 | D:5      | Reached skill level 5 in Axes
  2502 | D:5      | Noticed CrazyArbalest's ghost (novice MiHu)
  2671 | D:5      | HP: 3/64 [steam dragon/ball of steam (22)]
  2675 | D:5      | Reached skill level 8 in Shields
  2677 | D:5      | Killed from afar by a steam dragon

Skill      XL: |  1  2  3  4  5  6  7  8 |
---------------+-------------------------+-----
Fighting       | 4 5 |  5.8
Axes           | 3 4 5 |  5.4
Shields        | 4 6 7 8 |  8.2
Armour         | |  3.9
Dodging        | |  0.1

Action                   |  1- 3 |  4- 6 |  7- 9 || total
-------------------------+-------+-------+-------++-------
Melee: War axe           |    73 |   155 |    76 ||   304
Evoke: Wand              |       |       |     3 ||     3
  Use: Potion            |     1 |       |     2 ||     3
       Scroll            |       |     1 |       ||     1
  Eat: Chunk             |       |     3 |     3 ||     6
Armor: Scale mail        |    35 |    37 |       ||    72
       Chain mail        |       |    23 |    51 ||    74
Dodge: Dodged            |    16 |    41 |    18 ||    75
Block: Shield            |    41 |    83 |    47 ||   171
